 Dungeon Crawl Stone Soup version 0.25-a0-578-gc91f01c39c (webtiles) character file.

Game seed: 17792406270193334850, levelgen mode: deterministic

3 Esekla the Charlatan (level 1, -2/9 HPs)
             Began as a Spriggan Artificer on Mar 6, 2020.
             Slain by an adder (4 damage)
             ... on level 2 of the Dungeon.
             The game lasted 00:02:34 (345 turns).

Esekla the Charlatan (Spriggan Artificer)            Turns: 345, Time: 00:02:35

Health: -2/9       AC:  2    Str:  8    XL:     1   Next: 41%
Magic:  4/4        EV: 19    Int: 12    God:
Gold:   13         SH:  0    Dex: 16    Spells: 0/0 levels left

rFire    . . .     SeeInvis +   a - +0 short sword
rCold    . . .     Gourm    .   (shield restricted)
rNeg     . . .     Faith    .   b - +0 robe
rPois    .         Spirit   .   (helmet restricted)
rElec    .         Reflect  .   (no cloak)
rCorr    .         Harm     .   (gloves unavailable)
MR       .....                  (boots unavailable)
Stlth    ++........             (no amulet)
HPRegen  0.03/turn              (no ring)
MPRegen  0.09/turn              (no ring)

@: lethally poisoned (-2 -> -9), very quick
A: very small, unfitting armour, see invisible, herbivore, speed 3, slow
metabolism 2
a: no special abilities


You were on level 2 of the Dungeon.
You were not hungry.

You visited 1 branch of the dungeon, and saw 2 of its levels.

You collected 13 gold pieces.

Inventory:

Hand Weapons
 a - a +0 short sword (weapon)
Missiles
 i - 5 poisoned darts (quivered)
Armour
 b - a +0 robe (worn)
 j - a +0 cloak
Jewellery
 h - an uncursed ring of ice
Wands
 c - a wand of flame (15)
 d - a wand of enslavement (15)
 e - a wand of random effects (15)
Scrolls
 g - a scroll of teleportation {unknown}
Comestibles
 f - a ration


   Skills:
 - Level 0.7 Fighting
 * Level 1.2 Short Blades
 * Level 3.4 Dodging
 + Level 1.5 Stealth
 - Level 4.0 Evocations


You couldn't memorise any spells.
You didn't know any spells.
Your spell library was empty.

Dungeon Overview and Level Annotations

Branches:
Dungeon (2/15)

Altars:


Innate Abilities, Weirdness & Mutations

You are very small and have problems with some larger weapons.
You are too small for most types of armour.
You have supernaturally acute eyesight. (SInv)
You are a herbivore.
You cover ground extremely quickly.
You need to consume almost no food.


Message History

i - 4 poisoned darts (gained 1)
The adder bites you.
You are lethally poisoned!
The adder poisons you! The adder bites you but does no damage.
You feel sick.
You see here a poisoned dart.
i - 5 poisoned darts (gained 1)
You feel sick.
You see here a poisoned dart.
i - 6 poisoned darts (gained 1)
The adder misses you.
* * * LOW HITPOINT WARNING * * *
You feel sick.
You aren't carrying any potions.
Throwing (i - inventory)
i - 6 poisoned darts (quivered)
Press: ? - help, Shift-Dir - straight line, f/p - adder
Aim: an adder You throw a poisoned dart.
The poisoned dart hits the adder.
The adder bites you.
You die...

##.## #.###.# #...#
#.# #.# #...# #.# #.#
#.###...# #.# #.#
#.†....# #.# #.#
#.###.#.######.###.##
#.#........##(..#
#.##### #.S...# #.#
#@#...# #[# #.#####
#.#########.#
#...S.......#
#.########### #.# #.#
..# #.#


You could see an adder.

Vanquished Creatures
  A hobgoblin (D:1)
  2 bats (D:2)
  A goblin (D:1)
4 creatures vanquished.

Notes
Turn   | Place    | Note
-------+----------+-------------------------------------------
     0 | D:1      | Esekla the Spriggan Artificer began the quest for the Orb.
     0 | D:1      | Reached XP level 1. HP: 9/9 MP: 4/4
   345 | D:2      | Slain by an adder

Levels and vault maps discovered:
D:1:      dpeg_arrival_three_bigger_balls, layout_rooms, minmay_misc_feat_roman,
          minmay_misc_feat_encased, minivault_24, minmay_pentomino_q4
D:2:      layout_loops_ring, lemuel_coloured_pillars_altar, first_ration,
          grunt_ministairs_4, uniq_natasha

Action                   || total
-------------------------++-------
Melee: Short sword       ||    21
Throw: Dart              ||    11
 Stab: Sleeping          ||     1
Armor: Robe              ||     4
Dodge: Dodged            ||    24

Table legend:
 A = Non-vault XP
 B = Vault XP
 C = Vault XP percentage of total XP
 D = Non-vault monster count
 E = Vault monster count
 F = Vault count percentage of total count
                 A         B        C        D         E       F
            +---------+---------+-------+---------+---------+-------
      Total |       5 |       0 |   0.0 |       4 |       0 |   0.0
            +---------+---------+-------+---------+---------+-------
        D:1 |       3 |       0 |   0.0 |       2 |       0 |   0.0
        D:2 |       2 |       0 |   0.0 |       2 |       0 |   0.0
            +---------+---------+-------+---------+---------+-------
